 Dungeon Crawl Stone Soup version 0.22-a0-247-gbddf880 (webtiles) character file.

455 mortelune the Chiller (level 6, -4/41 HPs)
             Began as a Demonspawn Ice Elementalist on Feb 23, 2018.
             Slain by an ogre
             ... wielding a +0 giant club
              (22 damage)
             ... on level 5 of the Dungeon.
             The game lasted 00:15:00 (7642 turns).

mortelune the Chiller (Demonspawn Ice Elementalist) Turns: 7642, Time: 00:15:01

Health: -4/41      AC: 11    Str:  8    XL:     6   Next: 76%
Magic:  0/11       EV: 12    Int: 18    God:
Gold:   267        SH:  0    Dex: 14    Spells: 2/12 levels left

rFire    x . .     SeeInvis .   u - +0 long sword
rCold    + . .     Gourm    .   (no shield)
rNeg     . . .     Faith    .   a - +0 robe
rPois    +         Spirit   +   t - +0 helmet
rElec    .         Reflect  .   j - +0 cloak
rCorr    .         Harm     .   (no gloves)
MR       .....                  r - +0 pair of boots
Stlth    ++........             (no amulet)
HPRegen  0.13/turn              e - ring of poison resistance
MPRegen  0.12/turn              v - ring of ice

@: icy armour, slow
A: claws 1, magic shield, rot immunity
a: no special abilities


You were on level 5 of the Dungeon.
You were not hungry.

You visited 1 branch of the dungeon, and saw 5 of its levels.

You collected 267 gold pieces.

Inventory:

Hand Weapons
 d - a +0 whip
 n - a +0 falchion
 u - a +0 long sword (weapon)
Armour
 a - a +0 robe (worn)
 j - a +0 cloak (worn)
 r - a +0 pair of boots (worn)
 t - a +0 helmet (worn)
Jewellery
 e - a ring of poison resistance (left claw)
 v - a ring of ice (right claw)
 x - a +3 ring of protection {unknown}
Scrolls
 c - 3 scrolls of identify
 f - a scroll of enchant weapon
 i - 2 scrolls of teleportation
 o - a scroll of magic mapping {unknown}
 q - 3 scrolls of remove curse
 s - 2 scrolls of blinking
Potions
 g - a potion of mutation {unknown}
 h - a potion of degeneration {unknown}
 k - a potion of berserk rage {unknown}
 l - a potion of heal wounds {unknown}
 m - a potion of brilliance {unknown}
 p - a potion of invisibility {unknown}
Comestibles
 b - 9 rations
 w - 3 chunks of flesh


   Skills:
 - Level 1.7 Dodging
 - Level 1.7 Stealth
 + Level 3.9 Spellcasting
 + Level 3.3 Conjurations
 * Level 5.3 Ice Magic


You had 2 spell levels left.
You knew the following spells:

 Your Spells              Type           Power        Failure   Level  Hunger
a - Freeze                Ice            ####         1%          1    None
b - Throw Frost           Conj/Ice       ####..       3%          2    ##.....
c - Ozocubu's Armour      Chrm/Ice       ###.....     16%         3    ###....
d - Throw Icicle          Conj/Ice       ####....     26%         4    ####...


Dungeon Overview and Level Annotations

Branches:
Dungeon (5/15)
 Temple: D:4-7

Altars:
Okawaru


Innate Abilities, Weirdness & Mutations

You have sharp fingernails.
When hurt, damage is shared between your health and your magic reserves.
You are immune to rotting.


Message History

You feel a surge of power!
You freeze the ogre.
The ogre is severely wounded.
The ogre closely misses you.
You riposte.
You barely miss the ogre.
The ogre is severely wounded.
Casting: Freeze (safe; 1% risk of failure)
Confirm with . or Enter, or press ? or * to list all spells.
Aiming: Freeze (safe; 1% risk of failure)
Press: ? - help, Shift-Dir - straight line, f/p - ogre
Aim: an ogre, wielding a giant club (severely wounded)
You feel a surge of power!
You freeze the ogre.
The ogre is almost dead.
Casting: Freeze (safe; 1% risk of failure)
Confirm with . or Enter, or press ? or * to list all spells.
You don't have enough magic to cast that spell.
Unknown command.
You hit the ogre but do no damage.
The ogre is almost dead.
The ogre hits you with a giant club. The ogre hits you with a giant club!!
Ouch! That really hurt!
You die...

######
#....##############
#..................
#....######........
#....# #........
#....# #........
##.### #........
#.# ##....... #@#
####.....#
#O#######.......##
#.........#.######
#..########.# ###.
........## #.# #...
........# #.# #...
....O.#.# .<# #...
......#.# >## #...
......... # #....


You could see an ogre.

Vanquished Creatures
  A scorpion (D:4)
  A crimson imp (D:4)
  The ghost of Amnesiac the Gusty, a weakling TeAE (D:3)
  A hound (D:4)
  3 worker ants
  7 gnolls
  4 adders
  An ooze (D:4)
  An adder skeleton (D:4)
  6 worms
  4 dart slugs
  A leopard gecko (D:2)
  11 orcs
  8 bats
  5 giant cockroaches
  6 goblins
  6 hobgoblins
  8 jackals
  A quokka (D:3)
  5 frilled lizards
  13 kobolds
  A leopard gecko skeleton (D:4)
  4 rats
99 creatures vanquished.

Notes
Turn   | Place    | Note
-------+----------+-------------------------------------------
     0 | D:1      | mortelune the Demonspawn Ice Elementalist began the quest for the Orb.
     0 | D:1      | Reached XP level 1. HP: 13/13 MP: 3/3
   270 | D:1      | Reached skill level 3 in Ice Magic
   270 | D:1      | Gained mutation: When hurt, damage is shared between your health and your magic reserves. [demonic ancestry]
   270 | D:1      | Reached XP level 2. HP: 19/19 MP: 1/5
   487 | D:1      | Learned a level 2 spell: Throw Frost
   826 | D:1      | Reached XP level 3. HP: 17/24 MP: 0/6
   831 | D:1      | Learned a level 3 spell: Ozocubu's Armour
  2142 | D:2      | Gained mutation: You have sharp fingernails. [demonic ancestry]
  2142 | D:2      | Reached XP level 4. HP: 17/30 MP: 0/8
  3635 | D:2      | Reached skill level 4 in Ice Magic
  4266 | D:3      | Noticed Amnesiac's ghost (weakling TeAE)
  4382 | D:3      | Gained mutation: You are immune to rotting. [demonic ancestry]
  4382 | D:3      | Reached XP level 5. HP: 35/35 MP: 2/9
  4976 | D:3      | Found an iron altar of Okawaru.
  5410 | D:3      | Killed Amnesiac's ghost
  5696 | D:3      | Found a faded altar of an unknown god.
  6058 | D:4      | Reached XP level 6. HP: 36/41 MP: 0/11
  6157 | D:3      | Learned a level 4 spell: Throw Icicle
  7339 | D:4      | Reached skill level 5 in Ice Magic
  7482 | D:5      | Entered Level 5 of the Dungeon
  7642 | D:5      | Slain by an ogre

Vault maps used:
D:1:      dpeg_arrival_rhombus
D:2:      first_ration
D:3:      chequers_ecumenical_altar_twisty, st_stairs_7,
          okawaru_ov_weapons_minmay
D:4:      grunt_ministairs_11
D:5:      uniq_crazy_yiuf_cottage

Skill      XL: |  1  2  3  4  5  6 |
---------------+-------------------+-----
Ice Magic      | 3 4 5 |  5.3
Spellcasting   | 3 |  3.9
Conjurations   | 2 3 |  3.3
Dodging        | |  1.7
Stealth        | |  1.7

Action                   |  1- 3 |  4- 6 || total
-------------------------+-------+-------++-------
Melee: Whip              |     1 |    14 ||    15
       Falchion          |       |    32 ||    32
       Long sword        |       |     7 ||     7
 Cast: Freeze            |    50 |   106 ||   156
       Throw Frost       |    18 |    62 ||    80
       Ozocubu's Armour  |       |     5 ||     5
  Use: Scroll            |       |     6 ||     6
 Stab: Sleeping          |       |     1 ||     1
  Eat: Chunk             |     5 |    13 ||    18
       Ration            |       |     2 ||     2
Armor: Robe              |     5 |    19 ||    24
Dodge: Dodged            |    20 |    84 ||   104
       Rpst.: Falchion   |       |    11 ||    11
       Long sword        |       |     3 ||     3

Table legend:
 A = Spawn XP
 B = Non-spawn XP
 C = Spawn XP percentage of total XP
 D = Spawn monster count
 E = Non-spawn monster count
 F = Spawn count percentage of total count
 G = Total turns spent on level
                    A         B        C        D         E        F      G
               +---------+---------+-------+---------+---------+-------+---------
         Total |       0 |     651 |   0.0 |       0 |      99 |   0.0 |  7642
               +---------+---------+-------+---------+---------+-------+---------
           D:1 |       0 |      61 |   0.0 |       0 |      33 |   0.0 |  1853
           D:2 |       0 |     114 |   0.0 |       0 |      22 |   0.0 |  2484
           D:3 |       0 |     126 |   0.0 |       0 |      20 |   0.0 |  1499
           D:4 |       0 |     301 |   0.0 |       0 |      22 |   0.0 |  1646
           D:5 |       0 |      49 |   0.0 |       0 |       2 |   0.0 |   160
               +---------+---------+-------+---------+---------+-------+---------
